Map: [ESL] Gresvan

Players

Cham

  • Race: Zerg Zerg
  • Spawn Location: 11:00

SpeCial - Winner!

  • Race: Terran Terran
  • Spawn Location: 5:00

Event: ESL SC2 Masters 2023 Summer (Regionals)

VOD

Have the link to the VOD?

Description

Time

  • Played on: May 18, 2023, 2:51 p.m.
  • Length: 8:49

All games in this series

Show
View Real Time Build Order
Export as new Build Order

Cham Zerg 

Build Orders: Hatch First 

Get SALT Encoding   

  12  0:00  Drone  
  13  0:12  Overlord  
  13  0:17  Drone  
  14  0:30  Drone  
  14  0:31  Drone  
  16  0:50  Hatchery  
  16  0:52  Drone  
  16  0:54  Drone  
  17  0:58  Drone  
  18  1:12  Spawning Pool  
  18  1:13  Extractor  
  18  1:15  Drone  
  17  1:19  Drone  
  18  1:28  Drone  
  19  1:38  Drone  
  20  1:51  Drone  
  21  2:00  Zergling x2  
  21  2:01  Queen x2  
  22  2:02  Zergling x2  
  27  2:16  Hatchery  
  27  2:18  Overlord  
  27  2:22  Drone  
  27  2:26  Drone  
  28  2:36  Roach Warren  
  27  2:38  Drone  
  27  2:43  Drone  
  27  2:44  Drone  
  30  2:50  Overlord  
  30  3:01  Overlord  
  30  3:15  Roach x5  
  30  3:16  Roach  
  42  3:20  Roach  
  42  3:24  Roach  
  46  3:29  Spore Crawler  
  46  3:31  Roach  
  47  3:39  Drone  
  47  3:40  Drone x2  
  48  3:46  Drone x3  
  51  3:49  Drone  
  51  3:52  Drone  
  51  3:54  Drone  
  54  3:56  Ravager  
  54  3:58  Drone  
  55  4:09  Drone x2  
  57  4:10  Drone x2  
  56  4:17  Drone x2  
  58  4:27  Overlord x2  
  58  4:28  Overlord x2  
  51  4:44  Ravager  
  49  4:46  Drone  
  49  4:47  Drone x5  
  49  4:49  Lair  
  49  4:50  Drone  
  49  4:52  Drone, Queen  
  57  4:56  Queen  
  57  4:58  Drone  
  58  5:07  Drone x3  
  55  5:10  Drone x3  
  55  5:12  Spore Crawler  
  57  5:15  Spore Crawler  
  57  5:16  Spore Crawler  
  57  5:17  Extractor, Overlord  
  57  5:19  Metabolic Boost  
  54  5:26  Drone x3  
  54  5:27  Drone  
  58  5:31  Drone  
  58  5:34  Extractor  
  60  5:35  Roach  
  60  5:37  Extractor  
  60  5:40  Spore Crawler  
  60  5:42  Overlord, Roach  
  61  5:43  Roach  
  61  5:45  Roach  
  65  5:50  Spore Crawler  
  65  5:53  Queen  
  65  5:55  Overseer  
  64  6:00  Roach x2, Drone x4  
  69  6:10  Drone x9  
  78  6:19  Overlord  
  78  6:22  Evolution Chamber  
  78  6:24  Evolution Chamber  
  78  6:25  Extractor x2, Pneumatized Carapace  
  75  6:26  Overlord  
  75  6:28  Drone  
  75  6:30  Roach  
  78  6:38  Drone x2  
  78  6:39  Drone x6  
  77  6:42  Drone x2  
  77  6:44  Drone x2  
  81  6:55  Roach x3  
  81  6:56  Glial Reconstitution  
  81  6:59  Overlord  
  81  7:00  Roach  
  89  7:04  Roach  
  91  7:10  Roach x4  
  91  7:13  Roach  
  101  7:18  Roach  
  101  7:19  Roach  
  101  7:21  Queen  
  107  7:23  Roach  
  107  7:34  Roach x2  
  107  7:35  Roach  
  108  7:37  Roach  
  108  7:38  Roach  
  108  7:42  Roach x2  
  116  7:51  Roach x3  
  116  7:52  Roach  
  116  7:57  Roach  
  112  8:10  Roach x3  
  112  8:11  Queen x2  
  120  8:26  Roach  
  120  8:30  Overseer  
Show
View Real Time Build Order
Export as new Build Order

SpeCial Terran - Winner!

Build Orders: Mech, Banshee Rush 

Get SALT Encoding   

  12  0:00  SCV  
  13  0:12  SCV  
  14  0:18  Supply Depot  
  14  0:24  SCV  
  15  0:39  SCV  
  15  0:40  Barracks  
  16  0:43  Refinery  
  16  0:51  SCV  
  16  0:53  Refinery  
  17  1:03  SCV  
  18  1:15  SCV  
  19  1:28  Orbital Command, Reaper  
  19  1:29  Supply Depot  
  20  1:44  Factory  
  20  1:54  SCV  
  20  2:00  Reaper  
  22  2:06  SCV  
  23  2:18  Command Center  
  23  2:20  SCV  
  24  2:29  Hellion  
  26  2:32  Reaper  
  26  2:35  SCV  
  28  2:41  Starport  
  28  2:47  SCV, Supply Depot  
  29  2:53  Hellion  
  31  3:06  Barracks Reactor  
  31  3:09  SCV  
  32  3:15  Hellion  
  32  3:18  Starport Tech Lab  
  34  3:21  SCV  
  35  3:33  SCV, Orbital Command  
  36  3:37  Banshee  
  36  3:41  Widow Mine  
  36  3:42  Marine x2  
  36  3:48  SCV, Cloaking Field  
  41  4:00  SCV, Marine x2  
  42  4:11  Command Center  
  42  4:17  SCV x2  
  42  4:18  Marine x2  
  42  4:20  Factory Tech Lab  
  44  4:29  Banshee  
  37  4:40  SCV  
  37  4:41  SCV, Marine x2  
  38  4:46  Supply Depot  
  38  4:49  Hyperflight Rotors  
  38  4:56  SCV x2  
  40  5:08  SCV  
  40  5:13  SCV  
  42  5:17  Banshee  
  42  5:20  SCV  
  46  5:23  Orbital Command  
  46  5:25  Hellion  
  50  5:28  Hellion  
  50  5:32  SCV x2  
  52  5:44  SCV x2  
  52  5:46  Hellion  
  58  5:50  Hellion  
  58  5:53  SCV  
  58  5:56  SCV x2  
  61  6:00  Banshee  
  61  6:01  Orbital Command  
  64  6:06  Refinery  
  64  6:07  Refinery  
  64  6:09  Factory x2  
  64  6:12  Hellion x2  
  64  6:14  SCV  
  69  6:20  SCV  
  69  6:23  Supply Depot  
  70  6:26  SCV, Factory x2  
  70  6:28  SCV  
  73  6:32  SCV  
  73  6:33  Hellion  
  73  6:38  SCV  
  72  6:40  SCV  
  72  6:42  Banshee  
  72  6:44  SCV  
  75  6:50  SCV, Supply Depot  
  75  6:52  SCV  
  75  6:53  Cyclone, Factory Tech Lab  
  80  6:57  SCV  
  81  7:02  SCV  
  81  7:04  SCV, Hellion  
  85  7:08  Supply Depot  
  85  7:12  SCV, Hellion  
  85  7:14  SCV  
  89  7:16  SCV  
  89  7:18  Factory Reactor, Factory Tech Lab  
  90  7:24  Cyclone  
  93  7:30  SCV x2, Hellion  
  93  7:31  Siege Tank  
  93  7:36  Hellion  
  100  7:40  Supply Depot  
  100  7:41  Supply Depot  
  100  7:42  Supply Depot  
  100  7:43  Siege Tank  
  95  7:52  Hellion  
  95  7:53  SCV x2  
  95  7:54  SCV  
  95  7:56  Siege Tank  
  101  8:00  Refinery  
  101  8:02  Hellion x2  
  101  8:05  SCV x2  
  104  8:06  SCV  
  104  8:07  Supply Depot, Engineering Bay  
  105  8:13  Hellion  
  105  8:16  Siege Tank  
  105  8:17  SCV x2  
  105  8:18  Hellion  
  114  8:26  Supply Depot  
  114  8:29  SCV x2  
Tags
 
Add a new tag
Caveats
  • Supply blocks, unpowered buildings, or Contaminate may cause inaccurate times.
  • Supply counts are checked every 10 seconds.